 Dungeon Crawl Stone Soup version 0.29-a0-214-g17f627cfee (webtiles) character file.

Game seed: 12979306823469637503

380 drugrobin the Slasher (level 6, 0/50 HPs)
             Began as a Demigod Fighter on Feb 25, 2022.
             Slain by an ogre
             ... wielding a +0 giant club
              (24 damage)
             ... on level 4 of the Dungeon.
             The game lasted 00:07:44 (3417 turns).

drugrobin the Slasher (Demigod Fighter)             Turns: 3417, Time: 00:07:44

Health: 0/50       AC: 15    Str: 17    XL:     6   Next: 21%
Magic:  8/8        EV:  8    Int: 10    God:
Gold:   200        SH:  5    Dex: 21    Spells: 5/5 levels left

rFire   . . .      SeeInvis .   a - +0 long sword
rCold   . . .      Faith    .   c - +0 buckler
rNeg    . . .      Spirit   .   p - +0 plate armour
rPois   .          Reflect  .   t - +2 helmet
rElec   .          Harm     .   (no cloak)
rCorr   .          Rampage  .   w - +0 pair of gloves
Will    .....                   (no boots)
Stlth   ..........              (no amulet)
HPRegen 0.16/turn               s - +4 ring of evasion
MPRegen 0.11/turn               (no ring)

@: no status effects
A: high MP 1, forlorn, divine attributes
a: no special abilities


You were on level 4 of the Dungeon.
You visited 1 branch of the dungeon, and saw 5 of its levels.

You collected 200 gold pieces.

Inventory:

Hand Weapons
 a - a +0 long sword (weapon)
Missiles
 r - 5 boomerangs of dispersal (quivered)
Armour
 b - a +0 scale mail
 c - a +0 buckler (worn)
 p - a +0 plate armour (worn)
 t - a +2 helmet (worn)
 w - a +0 pair of gloves (worn)
Jewellery
 s - a +4 ring of evasion (left hand)
 v - a ring of ice
Wands
 n - a wand of polymorph (4)
Scrolls
 e - a scroll of enchant weapon {unknown}
 h - 2 scrolls of fear {unknown}
 k - a scroll of acquirement {unknown}
 m - 2 scrolls of teleportation {unknown}
 u - 2 scrolls of identify {unknown}
 x - 2 scrolls of magic mapping {unknown}
 y - 2 scrolls of enchant armour {unknown}
 z - 2 scrolls of immolation {unknown}
 A - a scroll of fog {unknown}
 B - a scroll of blinking {unknown}
Potions
 d - 2 potions of might
 f - 2 potions of attraction {unknown}
 g - 2 potions of flight {unknown}
 i - a potion of ambrosia {unknown}
 j - a potion of haste {unknown}
 l - 3 potions of resistance {unknown}
 o - a potion of heal wounds {unknown}
 q - a potion of mutation {unknown}


   Skills:
 - Level 2.6 Fighting
 + Level 6.3 Long Blades
 - Level 2.6 Armour
 - Level 2.6 Shields


You had 5 spell levels left.
You didn't know any spells.
Your spell library contained the following spells:

 Spells                   Type           Power      Damage    Failure   Level
 Beastly Appendage        Tmut           0%         N/A       100%        1
 Wereblood                Tmut           0%         N/A       100%        2
 Conjure Flame            Conj/Fire      0%         6-21      100%        3
 Ignite Poison            Fire/Tmut/Pois 0%         N/A       100%        3
 Spider Form              Tmut/Pois      0%         N/A       100%        3
 Sticky Flame             Conj/Fire      0%         2d3       100%        4


Dungeon Overview and Level Annotations

Branches:
Dungeon (5/15)
 Temple: D:4-7


Innate Abilities, Weirdness & Mutations

You have an increased reservoir of magic. (+10% MP)
You shall have no god before yourself.
Your divine heritage dramatically boosts your attributes as you level up.


Message History

The ogre blinks!
The ogre is moderately wounded.
Throw: 6 boomerangs (disperse)
Press: ? - help, Q - select action, (/) - cycle Shift-Dir - straight line, f/p - ogre
Aim: an ogre, wielding a +0 giant club (moderately wounded, 75% to hit)
You throw a boomerang of dispersal.
The boomerang of dispersal hits the ogre.
The ogre blinks!
The ogre is heavily wounded.
You block the ogre's attack.
You barely miss the ogre.
The ogre is heavily wounded.
The ogre hits you but does no damage.
You barely miss the ogre.
The ogre is heavily wounded.
The ogre hits you with a +0 giant club!
You completely miss the ogre.
The ogre is heavily wounded.
The ogre hits you but does no damage.
You barely miss the ogre.
The ogre is heavily wounded.
You block the ogre's attack.
You hit the ogre.
The ogre is severely wounded.
The ogre closely misses you.
You barely miss the ogre.
The ogre is severely wounded.
You block the ogre's attack.
You closely miss the ogre.
The ogre is severely wounded.
The ogre hits you with a +0 giant club!
You slash the ogre!
You kill the ogre!
Your Long Blades skill increases to level 6!
You have reached level 6!
Your experience leads to a dramatic increase in your attributes!
Increase (S)trength, (I)ntelligence, or (D)exterity?
You feel agile. x4
The ogre hits you with a +0 giant club!!
You die...

#############################
#............................
#.......>...............#####
#.......####.##########.##
#...>...# #)# #..# #...)...#
#O# #########.##
#...)...####@# #..........#
#..........).###.######.#.##
#.......####........###.#..#
##.###### #........##...#.#
#.# #........##...#.## #.#
#........##...#... #.#
#####.#####...#..# #.# #.#
##.##..# #. #.# #.###.#


You could see an ogre.

Vanquished Creatures
  An ogre (D:4)
  A scorpion (D:5)
  A hound (D:5)
  Jessica (D:2)
  An iguana (D:5)
  3 hound skeletons
  5 adders
  An ufetubus (D:5)
  3 worms (D:2)
  4 dart slugs
  2 orcs
  2 bats
  4 endoplasms
  3 goblins
  2 hobgoblins
  4 kobolds
  4 quokkas
  7 ball pythons
  12 rats
61 creatures vanquished.

Notes
Turn   | Place    | Note
-------+----------+-------------------------------------------
     0 | D:1      | drugrobin the Demigod Fighter began the quest for the Orb.
     0 | D:1      | Reached XP level 1. HP: 18/18 MP: 3/3
    26 | D:1      | Reached skill level 2 in Long Blades
   497 | D:1      | Reached XP level 2. HP: 22/25 MP: 4/4
   753 | D:2      | Reached skill level 3 in Long Blades
   806 | D:2      | Noticed Jessica
   818 | D:2      | Killed Jessica
   819 | D:2      | Reached XP level 3. HP: 25/30 MP: 5/5
  1538 | D:2      | Reached skill level 4 in Long Blades
  1828 | D:2      | Reached XP level 4. HP: 31/37 MP: 6/6
  2466 | D:3      | You fall into a shaft and drop 1 floor!
  2705 | D:4      | Noticed an ogre
  2725 | D:5      | Entered Level 5 of the Dungeon
  2762 | D:5      | Reached skill level 5 in Long Blades
  2762 | D:5      | Reached XP level 5. HP: 37/42 MP: 7/7
  3003 | D:5      | Noticed a water moccasin
  3340 | D:5      | Noticed an ogre
  3385 | D:4      | Noticed an ogre
  3416 | D:4      | Killed an ogre
  3417 | D:4      | Reached skill level 6 in Long Blades
  3417 | D:4      | Reached XP level 6. HP: 24/50 MP: 8/8
  3417 | D:4      | Slain by an ogre

Illustrated notes

Levels and vault maps discovered:
D:1:      scummos_arrival_simple_fountains, layout_basic,
          hellmonk_ecumenical_altar_heavens_door
D:2:      layout_loops_corners, solitary_fountain, uniq_jessica
D:3:      layout_basic, nicolae_underground_beach
D:4:      layout_basic, palyth_temple_overflow_mages, temple_statues
D:5:      layout_gridville, amcnicky_altar_gilded,
          mainiacjoe_overflow_six_doors_small

Skill      XL: |  1  2  3  4  5 |
---------------+----------------+-----
Long Blades    | 2 3 4 5 6 |  6.3
Fighting       | |  2.6
Armour         | |  2.6
Shields        | |  2.6

Action                   |  1- 3 |  4- 6 || total
-------------------------+-------+-------++-------
Melee: Long sword        |   114 |    94 ||   208
Throw: Boomerang         |       |     3 ||     3
Armor: Scale mail        |    27 |       ||    27
       Plate armour      |    12 |    47 ||    59
Dodge: Dodged            |    34 |    28 ||    62
Block: Buckler           |    17 |    21 ||    38

Table legend: (Time is in decaauts)
 A = Elapsed time spent in this place.
 B = Non-inter-level travel time spent in this place.
 C = Inter-level travel time spent in this place.
 D = Time resting spent in this place.
 E = Time spent auto-exploring this place.
 F = Levels seen in this place.
 G = Mean time per level.
                   A        B        C        D        E       F      G
               +--------+--------+--------+--------+--------+-----+--------+
         Total |   3467 |   3448 |     19 |    225 |   2388 |   5 |  693.4 |
       Dungeon |   3467 |   3448 |     19 |    225 |   2388 |   5 |  693.4 |
               +--------+--------+--------+--------+--------+-----+--------+

Top non-repeatable levels by time:
     D:2: 1352 daAuts
     D:5: 638 daAuts
     D:1: 600 daAuts
     D:3: 549 daAuts
     D:4: 327 daAuts
